 Dungeon Crawl Stone Soup version 0.31.0-11-ge490571c62 (webtiles) character file.

Game seed: 3609563056685024994

462 ragingrage the Shooter (level 6, -3/44 HPs)
             Began as a Vampire Hunter on Feb 6, 2024.
             Killed by divine providence
             ... invoked by an orc priest
              (14 damage)
             ... on level 5 of the Dungeon.
             The game lasted 00:04:19 (3846 turns).

ragingrage the Shooter (Vampire Hunter)             Turns: 3846, Time: 00:04:20

Health: -3/44      AC:  9    Str: 10    XL:     6   Next: 79%
Magic:  6/6        EV: 11    Int: 11    God:
Gold:   190        SH:  0    Dex: 20    Spells: 5/5 levels left

rFire   . . .        a - +0 arbalest
rCold   . . .        (shield currently unavailable)
rNeg    + . .        l - +1 ring mail {Will+}
rPois   .            (no helmet)
rElec   .            p - +1 cloak
rCorr   .            (no gloves)
SInv    +            g - +0 pair of boots
Will    +....        (no amulet)
Stlth   ++           b - ring of positive energy
HPRegen 0.47/turn    (no ring)
MPRegen 0.10/turn

%: no passive effects
@: healing quickly
A: alive, fangs 3, see invisible, vampiric 2
a: Exsanguinate


You were on level 5 of the Dungeon.
You visited 1 branch of the dungeon, and saw 5 of its levels.

You collected 271 gold pieces.
You spent 81 gold pieces at shops.

Inventory:

Hand Weapons
 a - a +0 arbalest (weapon)
 m - a +0 dagger of venom
 v - a +0 dagger of venom
Armour
 c - a +0 leather armour
 g - a +0 pair of boots (worn)
 l - a +1 ring mail of willpower (worn)
 p - a +1 cloak (worn)
Jewellery
 b - a ring of positive energy (left hand)
 y - a ring of magical power
Scrolls
 d - 5 scrolls of identify {unknown}
 e - 4 scrolls of fear {unknown}
 f - 2 scrolls of noise {unknown}
 h - a scroll of butterflies
 i - 3 scrolls of teleportation
 k - a scroll of enchant armour {unknown}
 o - a scroll of immolation
 t - a scroll of poison {unknown}
 u - a scroll of blinking
 w - a scroll of amnesia {unknown}
Potions
 j - 3 potions of curing {unknown}
 n - 2 potions of magic
 q - a potion of heal wounds {unknown}
 r - a potion of enlightenment {unknown}
 s - a potion of might {unknown}
 x - a potion of degeneration {unknown}
 z - a potion of haste


   Skills:
 - Level 1.7 Fighting
 + Level 6.7 Ranged Weapons
 - Level 2.1 Dodging
 - Level 3.0 Stealth


You had 5 spell levels left.
You didn't know any spells.
Your spell library was empty.

Dungeon Overview and Level Annotations

Branches:
Dungeon (5/15)
 Temple: D:4-7

Altars:
Makhleb
Wu Jian

Shops:
D:1 (   D:4 [

Annotations:
D:3 2 transporters, Swimmer's ghost, novice MiFi
D:4 exclusion: downstairs
D:5 Edmund


Innate Abilities, Weirdness & Mutations

Your natural rate of healing is accelerated.
You have razor-sharp teeth.
You have supernaturally acute eyesight. (SInv)
You are afflicted with vampirism and can become a bat while bloodless.


Message History

You resist with some effort.
There is a stone staircase leading up here.
Unknown command.
Fire: a) +0 arbalest
Press: ? - help, Q - select action Shift-Dir - straight line, f - orc priest
Aim: an orc priest, wielding a +0 short sword (60% to hit)
You shoot a bolt. The bolt hits the orc priest!
The orc priest is heavily wounded.
The orc priest looks satisfied for a moment.
Fire: a) +0 arbalest
Press: ? - help, Q - select action Shift-Dir - straight line, f/p - orc priest
Aim: an orc priest, wielding a +0 short sword (heavily wounded, 60% to hit)
You shoot a bolt.
The bolt hits the orc priest but does no damage.
The orc priest is heavily wounded.
The orc priest hits you with a +0 short sword.
Fire: a) +0 arbalest
Press: ? - help, Q - select action Shift-Dir - straight line, f/p - orc priest
Aim: an orc priest, wielding a +0 short sword (heavily wounded, 60% to hit)
You shoot a bolt. The bolt hits the orc priest.
The orc priest is almost dead.
The orc priest looks encouraged for a moment.
The orc priest mumbles some strange prayers to Beogh against you.
Beogh smites you!
Fire: a) +0 arbalest
Press: ? - help, Q - select action Shift-Dir - straight line, f/p - orc priest
Aim: an orc priest, wielding a +0 short sword (severely wounded, 60% to hit)
You shoot a bolt. The bolt closely misses the orc priest.
The orc priest calls down the wrath of Beogh upon you.
Beogh smites you!
You shoot a bolt. The bolt barely misses the orc priest.
The orc priest looks encouraged for a moment.
The orc priest hits you with a +0 short sword.
You shoot a bolt. The bolt closely misses the orc priest.
The orc priest invokes the aid of Beogh against you.
Beogh smites you!
* * * LOW HITPOINT WARNING * * *
The orc priest mumbles some strange prayers to Beogh against you.
Beogh smites you!
You die...

#..............###
##...[..#........#.
##.....##..........
##..#...##..##..>...
#...##......#.......
#...................
#####........#......
##...##.##......
##o@...........
#...####.. .. #....#
.. . ##....# .
###..# ... #... ....


You could see an orc priest.

Vanquished Creatures
  An ogre (D:4)
  A phantom (D:5)
  A hound (D:4)
  Jessica (D:3)
  An iguana (D:4)
  A mummy (D:4)
  10 adders
  3 gnolls (D:2)
  A ribbon worm (D:3)
  2 dart slugs
  7 orcs
  7 endoplasms
  2 giant cockroaches
  7 goblins
  7 hobgoblins
  6 jackals
  3 quokkas (D:4)
  9 ball pythons
  7 bats
  3 frilled lizards
  4 hobgoblin zombies (D:4)
  2 kobolds (D:4)
  3 rats
89 creatures vanquished.

Notes
Turn   | Place    | Note
-------+----------+-------------------------------------------
     0 | D:1      | ragingrage the Vampire Hunter began the quest for the Orb.
     0 | D:1      | Reached XP level 1. HP: 16/16 MP: 1/1
   106 | D:1      | Found Uhyipeh's Antique Weapon Shop.
   207 | D:1      | Reached XP level 2. HP: 22/22 MP: 2/2
   954 | D:2      | Gained mutation: You are afflicted with vampirism and can
                  | become a bat while bloodless. [Vampire growth]
   954 | D:2      | Reached XP level 3. HP: 23/27 MP: 3/3
  1138 | D:2      | Reached skill level 4 in Ranged Weapons
  1159 | D:2      | Found a faded altar of an unknown god.
  1661 | D:1      | Bought an arbalest for 81 gold pieces
  2067 | D:2      | Reached XP level 4. HP: 33/33 MP: 4/4
  2204 | D:2      | Reached skill level 5 in Ranged Weapons
  2213 | D:2      | Reached XP level 5. HP: 38/38 MP: 5/5
  2374 | D:3      | Noticed Jessica
  2375 | D:3      | Killed Jessica
  2436 | D:3      | Found a transporter.
  2437 | D:3      | Noticed Swimmer's ghost (novice MiFi)
  2440 | D:3      | Found a transporter.
  2597 | D:3      | Found a burning altar of Makhleb.
  2882 | D:3      | Found an ornate altar of the Wu Jian Council.
  3258 | D:4      | Reached XP level 6. HP: 44/44 MP: 6/6
  3421 | D:4      | Found Caraumy's Antique Armour Shoppe.
  3443 | D:4      | Reached skill level 6 in Ranged Weapons
  3714 | D:5      | Entered Level 5 of the Dungeon
  3714 | D:5      | Noticed Edmund
  3846 | D:5      | Killed from afar by an orc priest

Illustrated notes

Levels and vault maps discovered:
D:1:      lemuel_arrival_room, layout_loops_ring, serial_shops, shop,
          kennysheep_boxes
D:2:      minmay_skewed_foursquare, layout_rooms,
          hellmonk_ecumenical_altar_blasted, chequers_serial_rivers_small_a,
          minmay_snake_closets
D:3:      layout_basic, elyvilon_altar_4, mainiacjoe_overflow_24_doors,
          nzn_wu_jian_council_hall, gammafunk_ghost_arena, uniq_jessica
D:4:      layout_loops_corners, serial_shops, shop, minmay_mini_ossuary
D:5:      layout_cave_pools, nicolae_vehumet_radiance,
          nicolae_overflow_hidden_temple, nicolae_overflow_crystal_walls,
          uniq_menkaure, uniq_ijyb, uniq_edmund

Skill      XL: |  1  2  3  4  5  6 |
---------------+-------------------+-----
Stealth        | 2 3 |  3.0
Ranged Weapons | 4 5 6 |  6.7
Fighting       | |  1.7
Dodging        | |  2.1

Action                     |  1- 3 |  4- 6 || total
---------------------------+-------+-------++-------
   Fire: Shortbow          |    95 |       ||    95
         Arbalest          |    20 |   153 ||   173
    Use: Potion            |     3 |       ||     3
         Scroll            |     2 |       ||     2
 Armour: Leather armour    |     7 |       ||     7
         Ring mail         |    43 |    71 ||   114
  Dodge: Dodged            |    51 |    52 ||   103
